 Dungeon Crawl Stone Soup version 0.31-a0-667-g39726597b9 (webtiles) character file.

Game seed: 9720163679632000214

380764 Essalna the Warrior (level 21, -12/178 (183) HPs)
             Began as a Demonspawn Conjurer on Sept 4, 2023.
             Was the Champion of Vehumet.
             Killed from afar by an ancient lich (39 damage)
             ... with a crystal spear
             ... on level 5 of the Vaults.
             The game lasted 02:54:10 (45214 turns).

Essalna the Warrior (Demonspawn Conjurer)          Turns: 45214, Time: 02:54:10

HP:   -12/178 (183) AC: 15    Str: 10    XL:     21   Next: 89%
MP:   0/46          EV: 13    Int: 31    God:    Vehumet [******]
Gold: 4356          SH: 13    Dex: 12    Spells: 13/44 levels left

rFire   + + .        H - +11 spear of Irksome Exoneration {heavy, rPois rF+ rC+ Will++}
rCold   + + +        T - +1 kite shield {reflect}
rNeg    . . .        P - +0 troll leather armour
rPois   +            X - +2 hat {Int+3}
rElec   +            x - +2 cloak {Will+}
rCorr   +            (gloves unavailable)
SInv    .            C - +1 pair of boots
Will    ++++.        u - amulet of regeneration
Stlth   ++           V - ring of magical power
HPRegen 2.09/turn    o - ring of the Mage {Wiz Archmagi}
MPRegen 0.60/turn

%: reflection, guardian spirit, wizardry (x1), archmagi
@: mighty, resistant, studying Polearms, lightly drained
A: icy blue scales 3, powered by pain 2, magic shield, magic regeneration, magic
link, corrupting presence 1, demonic touch 3
}: 2/15 runes: serpentine, barnacled
a: Renounce Religion


You were on level 5 of the Vaults.
You worshipped Vehumet.
Vehumet was exalted by your worship.
You visited 8 branches of the dungeon, and saw 39 of its levels.
You also visited: Sewer, Gauntlet and Wizlab.

You collected 4416 gold pieces.
You spent 60 gold pieces at shops.

Inventory:

Hand Weapons
 H - the +11 spear of Irksome Exoneration (weapon) {heavy, rPois rF+ rC+ Will++}
   (You found it on level 6 of the Dungeon)

   rF+:       It protects you from fire.
   rC+:       It protects you from cold.
   rPois:     It protects you from poison Will++: It greatly increases your
   willpower.
Armour
 x - a +2 cloak of willpower (worn)
 C - a +1 pair of boots (worn)
 E - a +0 pair of gloves
 L - the scarf of Qeloaxoy {rC+ rF+, Rampage *Slow rN+}
   (You found it in a wizard's laboratory)

   rN+:       It protects you from negative energy.
   *Slow:     It may slow you when you take damage.
   Rampage:   It bestows one free step when moving towards enemies.
 P - a +0 troll leather armour (worn)
 T - a +1 kite shield of reflection (worn)
 U - a +2 robe of resistance
 X - a +2 hat of intelligence (worn)
Magical Staves
 I - the staff of the Pariah {+Blink rC+ Will+ Str+3 Stlth+ Ice}
   (You found it on level 3 of the Elven Halls)

   [staff of cold]

   Base accuracy: +5 Base damage: 5 Base attack delay: 1.2 This weapon's minimum
   attack delay (0.6) is reached at skill level 12.
   Str+3:     It affects your strength (+3).
   rC+:       It protects you from cold.
   Will+:     It increases your willpower.
   +Blink:    It lets you blink.
   Stlth+:    It makes you more stealthy.
   Ice:       It increases the power of your Ice spells.
   It falls into the 'Staves' category.
   It is a one-handed weapon.
Jewellery
 g - a ring of see invisible
 j - an amulet of magic regeneration
 o - the ring of the Mage (right hand) {Wiz Archmagi}
   (You found it in a Gauntlet)

   [ring of wizardry]

   Wiz:       It improves your spell success rate.
   Archmagi:  It increases the power of your magical spells.
 p - a ring of resist corrosion
 u - an amulet of regeneration (around neck)
 v - a ring of flight
 y - the ring "Atin" {Ice rPois rCorr Stlth+}
   (You took it off a deep elf death mage on level 3 of the Elven Halls)

   [ring of ice]

   Ice:       It enhances your ice magic.
   rF-:       It makes you vulnerable to fire.
   rC+:       It protects you from cold.
   rPois:     It protects you from poison rCorr: It protects you from acid and
   corrosion.
   Stlth+:    It makes you more stealthy.
 Q - a ring of willpower
 R - a ring of magical power
 V - a ring of magical power (left hand)
 W - a ring of protection from cold
Wands
 K - a wand of acid (17)
Scrolls
 b - 3 scrolls of silence
 d - 3 scrolls of amnesia {unknown}
 e - 9 scrolls of enchant weapon {unknown}
 i - 21 scrolls of teleportation
 k - 2 scrolls of enchant armour
 l - 7 scrolls of blinking
 m - 6 scrolls of revelation
 q - a scroll of acquirement
 s - 7 scrolls of fog
 w - 2 scrolls of torment {unknown}
 B - a scroll of brand weapon
 G - 29 scrolls of identify
 J - 7 scrolls of immolation
 O - 11 scrolls of fear
 Y - a scroll of butterflies {unknown}
Potions
 a - 3 potions of enlightenment
 c - a potion of resistance
 f - 14 potions of curing
 h - 2 potions of berserk rage
 n - 6 potions of heal wounds
 r - a potion of magic
 t - 5 potions of haste
 z - 5 potions of might
 D - 3 potions of brilliance
 F - 2 potions of mutation
 M - 2 potions of invisibility
 N - 4 potions of lignification
 Z - a potion of cancellation {unknown}
Miscellaneous
 A - a phial of floods
 S - a phantom mirror


   Skills:
 - Level 20.0 Fighting
 - Level 8.0 Armour
 - Level 8.0 Dodging
 - Level 1.7 Stealth
 - Level 12.0 Shields
 - Level 12.0 Spellcasting
 - Level 13.0 Conjurations
 - Level 18.0 Fire Magic
 + Level 16.8 Earth Magic


You had 13 spell levels left.
You knew the following spells:

 Your Spells              Type           Power      Damage    Failure   Level
a - Magic Dart            Conj           100%       1d8       1%          1
b - Searing Ray           Conj           100%       2d8       1%          2
c - Blink                 Tloc           54%        N/A       5%          2
d - Fireball              Conj/Fire      53%        3d21      1%          5
e - Leda's Unmaking       Conj/Erth      52%        9d9       1%          6
f - Orb of Destruction    Conj           49%        9d13      4%          7
g - Ignition              Fire           57%        3d16      4%          8

Your spell library contained the following spells:

 Spells                   Type           Power      Damage    Failure   Level
 Maxwell's Capacitive Co  Air            13%        ∞         100%        8
 Polar Vortex             Ice            13%        12d1*     100%        9
 Foxfire                  Conj/Fire      100%       2x1d9     0%          1
 Sandblast                Erth           100%       2d20      0%          1
 Kiss of Death            Conj/Necr      100%       2d13      1%          1
 Shock                    Conj/Air       100%       1d9       1%          1
 Passwall                 Tmut/Erth      68%        N/A       1%          2
 Poisonous Vapours        Pois/Air       54%        N/A       1%          2
 Dazzling Flash           Conj/Hex       100%       N/A       1%          3
 Hailstorm                Conj/Ice       73%        3d15      1%          3
 Ignite Poison            Fire/Tmut/Pois 70%        N/A       1%          3
 Inner Flame              Hex/Fire       84%        N/A       1%          3
 Mephitic Cloud           Conj/Pois/Air  62%        N/A       1%          3
 Stone Arrow              Conj/Erth      100%       3d13      1%          3
 Volatile Blastmotes      Fire/Tloc      100%       2d18      1%          3
 Animate Armour           Summ/Erth      100%       N/A       1%          4
 Fulminant Prism          Conj/Hex       36%        3d17      1%          4
 Iskenderun's Mystic Bla  Conj/Tloc      73%        2d15      1%          4
 Leda's Liquefaction      Hex/Erth       41%        N/A       1%          4
 Petrify                  Tmut/Erth      82%        N/A       1%          4
 Sticky Flame             Conj/Fire      100%       2d11      1%          4
 Lee's Rapid Deconstruct  Erth           55%        3d26*     1%          5
 Starburst                Conj/Fire      53%        6d14      1%          6
 Irradiate                Conj/Tmut      36%        3d23      2%          5
 Apportation              Tloc           54%        N/A       3%          1
 Necrotise                Necr           100%       1d9       3%          1
 Slow                     Hex            100%       N/A       3%          1
 Summon Small Mammal      Summ           100%       N/A       3%          1
 Frozen Ramparts          Ice            54%        1d9       3%          3
 Freezing Cloud           Conj/Ice/Air   31%        6-21      4%          5
 Plasma Beam              Fire/Air       42%        2x1d56    4%          6
 Call Imp                 Summ           54%        N/A       5%          2
 Cigotuvi's Dreadful Rot  Necr/Pois/Air  54%        N/A       5%          2
 Ensorcelled Hibernation  Hex/Ice        54%        N/A       5%          2
 Sublimation of Blood     Necr           27%        N/A       5%          2
 Wereblood                Tmut           27%        N/A       5%          2
 Airstrike                Air            13%        2d(2-18)  10%         4
 Call Canine Familiar     Summ           27%        N/A       11%         3
 Confusing Touch          Hex            27%        N/A       11%         3
 Ozocubu's Armour         Ice            27%        N/A       11%         3
 Portal Projectile        Hex/Tloc       54%        N/A       11%         3
 Summon Guardian Golem    Hex/Summ       27%        N/A       11%         3
 Swiftness                Air            27%        N/A       11%         3
 Lehudib's Crystal Spear  Conj/Erth      52%        10d12     13%         8
 Yara's Violent Unravell  Hex/Tmut       13%        3d7       24%         5
 Anguish                  Hex/Necr       13%        N/A       32%         4
 Cause Fear               Hex            13%        N/A       32%         4
 Dispel Undead            Necr           27%        3d13      32%         4
 Manifold Assault         Tloc           27%        N/A       32%         4
 Summon Ice Beast         Ice/Summ       27%        N/A       32%         4
 Shatter                  Erth           55%        3d42*     58%         9
 Alistair's Intoxication  Tmut/Pois      18%        N/A       65%         5
 Metabolic Englaciation   Hex/Ice        13%        N/A       65%         5
 Summon Mana Viper        Hex/Summ       27%        N/A       65%         5
 Fire Storm               Conj/Fire      53%        8d14      75%         9
 Simulacrum               Ice/Necr       13%        N/A       99%         6
 Ozocubu's Refrigeration  Ice            13%        4d10      99%         7
 Enfeeble                 Hex            13%        N/A       100%        7
 Haunt                    Necr/Summ      13%        N/A       100%        7
 Malign Gateway           Summ/Tloc      13%        N/A       100%        7
 Monstrous Menagerie      Summ           13%        N/A       100%        7
 Summon Hydra             Summ           13%        N/A       100%        7
 Borgnjor's Revivificati  Necr           13%        N/A       100%        8
 Summon Horrible Things   Summ           13%        N/A       100%        8
 Chain Lightning          Conj/Air       36%        3d48      100%        9
 Death's Door             Necr           13%        N/A       100%        9
 Dragon's Call            Summ           13%        N/A       100%        9


Dungeon Overview and Level Annotations

Branches:
Dungeon (15/15)            Temple (1/1) D:6            Lair (5/5) D:10
 Shoals (4/4) Lair:3        Snake (4/4) Lair:2        Slime (0/5) Lair:4
    Orc (2/2) D:9             Elf (3/3) Orc:2        Vaults (5/5) D:14
  Crypt (0/3) Vaults:3     Depths (0/4) D:15          Sewer (visited)
 WizLab (visited)         Gauntlet (visited)

Altars:
Ashenzari
Cheibriados
Dithmenos
Fedhas
Gozag
Hepliaklqana
Kikubaaqudgha
Makhleb
Nemelex Xobeh
Okawaru
Qazlal
Ru
Sif Muna
Trog
Uskayaw
Vehumet
Wu Jian
Xom
Yredelemnul
Lugonu

Shops:
D:4 ?(   D:8 *   D:10 :   D:14 [:   Orc:1 (   Orc:2 :=(=   Elf:1 :   Elf:2 [
Vaults:1 [   Vaults:2 ?

Portals:
Abyss: Lair:5

Annotations:
Vaults:1 3 runed translucent doors, Mandevil's ghost, adept OgFi


Innate Abilities, Weirdness & Mutations

You are completely covered in icy blue scales. (AC +4, rC+)
You sometimes gain power by taking damage.
When hurt, damage is shared between your health and your magic reserves.
You regenerate magic rapidly.
When low on magic, you restore magic in place of health.
Your presence sometimes corrodes those you injure.
Your touch may irresistibly damage your foes and sap their willpower.


Message History

Press: ? - help, Shift-Dir - straight line You feel a strong surge of power!
The fireball explodes!
The fireball engulfs something!
You feel a little less clever now.
You hear an angry hiss.
You hear some strange, mumbled words.
A bolt of acid appears from out of thin air!
The bolt of acid misses you.
The ironbound preserver gestures wildly while chanting.
The ironbound preserver is healed somewhat.
Casting: Fireball (safe; 1% risk of failure)
Confirm with . or Enter, or press ? or * to list all spells.
Aiming: Leda's Unmaking (mildly dangerous; 1% risk of failure)
Press: ? - help, Shift-Dir - straight line
Okay, then.
Unknown command.
Unknown command.
You feel protected.
Casting: Leda's Unmaking (mildly dangerous; 1% risk of failure)
Confirm with . or Enter, or press ? or * to list all spells.
Aiming: Leda's Unmaking (mildly dangerous; 1% risk of failure)
Press: ? - help, Shift-Dir - straight line, f - vault warden
Aim: a vault warden, wielding a +0 dire flail and wearing a +0 chain mail (almost dead, 77% to hit)
You feel a surge of power!
The entropic shot hits something!!
Something touches you.
* * * LOW HITPOINT WARNING * * *
You feel drained.
* * * LOW HITPOINT WARNING * * *
The ironbound preserver casts a spell.
The ironbound preserver is healed somewhat.
Something touches you but does no damage.
Casting: Leda's Unmaking (mildly dangerous; 1% risk of failure)
Confirm with . or Enter, or press ? or * to list all spells.
Aiming: Leda's Unmaking (mildly dangerous; 1% risk of failure)
Press: ? - help, Shift-Dir - straight line, f/p - vault warden
Aim: a vault warden, wielding a +0 dire flail and wearing a +0 chain mail (almost dead, 77% to hit)
You feel a surge of power!
The entropic shot hits something!!!
You hear some strange, mumbled words.
A crystal spear appears from out of thin air!
The crystal spear hits you!!!
You die...

[.[.[[<<)[.....
###...)c)..####
......[[.......
....#..c.#.....
##. #....#.....
# #p...# ....
#Cp..# ...
#{...# ...
#@...# #....#
#....# #....#
#....# #....#
#....# #....#


You could see an ironbound preserver, a fire giant, a vault warden and 2
yaktaurs.

Vanquished Creatures
  Nikola (Elf:2)
  Norris (Vaults:4)
  Rupert (D:14)
  A walking crystal tome (WizLab)
  2 deep elf blademasters (Elf:3)
  2 deep elf master archers (Elf:3)
  Polyphemus (Shoals:1)
  2 sphinxes
  Kirke (D:12)
  A kraken (Shoals:4)
  A shadow dragon (Vaults:5)
  A storm dragon (Vaults:5)
  Ilsuiw (Shoals:2)
  Aizul (Shoals:2)
  Roxanne (Shoals:3)
  Donald (Snake:4)
  A fire giant (Vaults:5)
  7 nagarajas
  A strange machine (WizLab)
  3 deep elf elementalists (Elf:3)
  9 vault wardens
  6 deep elf sorcerers (Elf:3)
  14 ironbound preservers
  A war gargoyle (Vaults:4)
  2 orc warlords
  2 ironbound thunderhulks
  4 formless jellyfish
  11 deep elf annihilators (Elf:3)
  6 stone giants
  16 dire elephants
  5 deep elf demonologists (Elf:3)
  A minotaur (Gauntlet)
  2 ettins
  7 deep elf death magi
  3 crystal guardians
  An entropy weaver (Vaults:3)
  6 merfolk impalers
  3 merfolk javelineers (Shoals:4)
  6 yaktaur captains
  3 fire dragons
  29 vault guards
  6 rakshasas (WizLab)
  3 deep elf high priests
  12 hydras
  Harold (Lair:2)
  2 peacekeepers
  7 great orbs of eyes
  2 alligators (D:12)
  3 salamander tyrants
  12 anacondas
  A satyr (Shoals:3)
  4 two-headed ogres
  8 ironbound frosthearts
  6 merfolk avatars
  4 alligator snapping turtles
  23 dancing weapons
  9 boulder beetles
  10 centaur warriors
  6 merfolk aquamancers
  16 naga warriors
  11 death yaks
  3 catoblepae
  A death scarab (Gauntlet)
  2 thrashing horrors (Lair:5)
  5 orc high priests (Orc:2)
  4 tengu warriors
  2 demonic crawlers (D:12)
  A hell knight (Vaults:5)
  Urug (D:10)
  13 deep elf knights
  8 naga sharpshooters
  8 shock serpents
  7 skysharks
  3 skeletal warriors (D:14)
  Amaemon (D:10)
  3 salamander mystics
  34 deep trolls
  An obsidian statue (Gauntlet)
  A flayed ghost (Vaults:3)
  A spriggan druid (Elf:3)
  2 glowing orange brains
  10 naga ritualists
  A phantasmal warrior (Vaults:3)
  8 sea snakes
  Lodul (D:11)
  12 deep elf archers
  12 ironbound convokers
  7 wizards
  11 lindwurms
  25 deep elf pyromancers
  A necromancer (D:15)
  17 harpies
  25 deep elf zephyrmancers
  4 mana vipers
  21 ugly things
  5 orc knights
  11 manticores
  4 large abominations (Lair:5)
  4 orc sorcerers
  An oklob plant (Lair:5)
  A faun (shapeshifter) (Vaults:3)
  14 cyclopes
  20 fauns
  2 wolf spiders (Lair:5)
  A moth of wrath (shapeshifter) (D:14)
  18 salamanders
  7 merfolk sirens
  Maurice (D:13)
  18 naga magi
  6 guardian serpents
  8 water nymphs
  22 elephants
  A guardian serpent (shapeshifter) (Vaults:4)
  38 black mambas
  17 vault sentinels
  10 cane toads
  2 gargoyles
  An orange demon (D:10)
  A yaktaur (shapeshifter) (Elf:1)
  2 rime drakes
  An unseen horror (D:12)
  29 yaktaurs
  A kobold demonologist (D:11)
  An efreet (D:13)
  10 komodo dragons
  An ice devil (Gauntlet)
  A freezing wraith (Vaults:2)
  A tengu conjurer (D:14)
  4 trolls
  34 merfolk
  A wind drake (shapeshifter) (D:13)
  A hornet (D:9)
  A hornet (shapeshifter) (D:14)
  A meliai (shapeshifter) (Lair:5)
  6 wind drakes
  4 polar bears
  A raiju (Lair:5)
  Prince Ribbit (D:6)
  7 dream sheep
  30 blink frogs
  13 snapping turtles
  3 air elementals
  A spectral black mamba (Gauntlet)
  A jumping spider (shapeshifter) (Elf:2)
  3 shadows
  39 slime creatures
  A spriggan (Lair:5)
  A ynoxinul (Lair:5)
  4 wyverns
  4 wraiths
  5 fire elementals
  8 water elementals
  46 yaks
  6 hogs (D:12)
  7 basilisks
  A golden eye (shapeshifter) (D:13)
  A yak (shapeshifter) (Lair:5)
  2 chaos spawn (Lair:5)
  A redback (Vaults:3)
  A steam dragon (D:9)
  7 vampire mosquitoes
  Edmund (D:6)
  Menkaure (D:6)
  4 wargs
  52 nagas
  An acid dragon (D:12)
  A sky beast (D:7)
  16 water moccasins
  A swamp drake (Orc:1)
  3 black bears
  27 orc warriors
  3 ice beasts
  24 ogres
  32 wolves
  22 centaurs
  2 phantoms (D:9)
  27 kobold brigands
  11 bullfrogs
  2 gnoll sergeants
  9 scorpions
  5 earth elementals
  7 small abominations (Lair:5)
  A troll zombie (D:9)
  13 killer bees
  3 vampire bats (Lair:3)
  2 howler monkeys
  6 electric eels
  A crimson imp (Orc:1)
  A centaur zombie (D:3)
  A lava snake (D:9)
  24 orc priests
  A gnoll bouda (D:8)
  4 hounds
  2 jellies
  An iron imp (Orc:1)
  Jessica (D:3)
  6 iguanas
  3 sleepcaps
  31 orc wizards
  6 hell rats
  5 ogre zombies (D:9)
  11 adders
  25 gnolls
  7 river rats
  2 shadow imps
  5 white imps
  An adder skeleton (D:3)
  4 worms
  4 dart slugs
  73 orcs
  15 ball pythons
  9 endoplasms
  22 giant cockroaches
  10 goblins
  10 hobgoblins
  13 jackals
  93 kobolds
  7 quokkas
  A ball python zombie (D:3)
  10 bats
  20 frilled lizards
  2 giant cockroach zombies (D:3)
  A goblin zombie (D:9)
  6 hobgoblin zombies (D:9)
  A jackal skeleton (D:3)
  3 orc skeletons (D:9)
  9 orc zombies (D:9)
  8 rats
1811 creatures vanquished.

Vanquished Creatures (others)
  A deep elf knight (Elf:2)
  3 deep elf pyromancers
  A dream sheep (shapeshifter) (Elf:2)
  4 tentacles (Shoals:4)
9 creatures vanquished.

Grand Total: 1820 creatures vanquished

Notes
Turn   | Place    | Note
-------+----------+-------------------------------------------
     0 | D:1      | Essalna the Demonspawn Conjurer began the quest for the
                  | Orb.
     0 | D:1      | Reached XP level 1. HP: 13/13 MP: 3/3
   163 | D:1      | Gained mutation: You are partially covered in icy blue
                  | scales. (AC +2) [demonic ancestry]
   163 | D:1      | Reached XP level 2. HP: 5/20 MP: 1/5
   242 | D:1      | Reached skill level 1 in Fighting
   593 | D:1      | Gained mutation: You regenerate magic rapidly. [demonic
                  | ancestry]
   593 | D:1      | Reached XP level 3. HP: 26/26 MP: 2/6
   762 | D:1      | Learned a level 2 spell: Searing Ray
  1534 | D:2      | Reached skill level 2 in Fighting
  1618 | D:2      | Gained mutation: You sometimes gain a little power by
                  | taking damage. [demonic ancestry]
  1618 | D:2      | Reached XP level 4. HP: 33/33 MP: 6/8
  1860 | D:3      | Noticed an ogre
  1987 | D:3      | Killed an ogre
  1988 | D:3      | Reached skill level 5 in Conjurations
  1988 | D:3      | Gained mutation: You sometimes gain power by taking damage.
                  | [demonic ancestry]
  1988 | D:3      | Reached XP level 5. HP: 39/39 MP: 6/9
  2202 | D:3      | Reached skill level 3 in Fighting
  2377 | D:3      | Found a faded altar of an unknown god.
  2401 | D:3      | Noticed Jessica
  2405 | D:3      | Killed Jessica
  2508 | D:3      | Reached XP level 6. HP: 47/47 MP: 9/11
  2697 | D:4      | Found Lahomid's Weapon Emporium.
  2735 | D:4      | Reached skill level 1 in Shields
  3189 | D:4      | Found The Oracle's Delphic Readings.
  3199 | D:4      | Bought a scroll of identify for 24 gold pieces
  3199 | D:4      | Bought a scroll of teleportation for 36 gold pieces
  3235 | D:4      | Reached skill level 4 in Fighting
  3235 | D:4      | Reached XP level 7. HP: 54/54 MP: 8/13
  3310 | D:5      | Entered Level 5 of the Dungeon
  3377 | D:5      | Noticed a troll
  3482 | D:5      | Found a glowing drain.
  3486 | Sewer    | Entered a sewer
  4354 | D:5      | Reached skill level 5 in Fighting
  4354 | D:5      | Gained mutation: Your touch may inflict minor irresistible
                  | damage on your foes. [demonic ancestry]
  4354 | D:5      | Reached XP level 8. HP: 62/62 MP: 10/14
  4535 | D:5      | Killed a troll
  4831 | D:5      | Learned a level 2 spell: Blink
  4871 | D:5      | Reached skill level 6 in Fighting
  5348 | D:6      | Noticed Menkaure
  5351 | D:6      | Killed Menkaure
  5352 | D:6      | Reached skill level 1 in Armour
  5366 | D:6      | Noticed a two-headed ogre
  5379 | D:6      | Killed a two-headed ogre
  5380 | D:6      | Reached XP level 9. HP: 30/71 MP: 7/15
  5430 | D:6      | Reached skill level 7 in Fighting
  5659 | D:6      | Noticed Edmund
  5714 | D:6      | Learned a level 5 spell: Fireball
  5753 | D:6      | Noticed Prince Ribbit
  5761 | D:6      | Killed Prince Ribbit
  5803 | D:6      | Reached skill level 1 in Fire Magic
  5820 | D:6      | Killed Edmund
  6344 | D:6      | Identified the +11 spear of Irksome Exoneration {heavy,
                  | rPois rF+ rC+ Will++}
  6565 | D:6      | Found a staircase to the Ecumenical Temple.
  6574 | Temple   | Entered the Ecumenical Temple
  6581 | Temple   | Became a worshipper of Vehumet
  6915 | D:7      | Noticed a troll
  6938 | D:7      | Killed a troll
  6939 | D:7      | Reached XP level 10. HP: 50/80 MP: 13/16
  7167 | D:7      | Found a stormy altar of Qazlal.
  7395 | D:7      | Reached skill level 8 in Fighting
  7627 | D:8      | Noticed a centaur warrior
  7638 | D:8      | Killed a centaur warrior
  7639 | D:8      | Reached skill level 5 in Dodging
  7644 | D:8      | Noticed a green ugly thing
  8216 | D:8      | Killed a green ugly thing
  8456 | D:8      | Reached skill level 5 in Armour
  8591 | D:8      | Reached * piety under Vehumet
  8591 | D:8      | Offered knowledge of Sandblast by Vehumet.
  8606 | D:8      | Noticed a centaur warrior
  8618 | D:8      | Killed a centaur warrior
  8681 | D:8      | Found Maergheq's Lightly-Used Armoury.
  9314 | D:8      | Found a burning altar of Makhleb.
  9495 | D:9      | Reached XP level 11. HP: 82/87 MP: 17/17
  9602 | D:9      | Reached skill level 10 in Conjurations
  9739 | D:9      | Reached skill level 9 in Fighting
  9757 | D:9      | Offered knowledge of Freeze by Vehumet.
  9775 | D:9      | Reached ** piety under Vehumet
  9778 | D:9      | Found a staircase to the Orcish Mines.
  9847 | D:9      | Reached skill level 5 in Fire Magic
 10450 | D:9      | Offered knowledge of Ignite Poison by Vehumet.
 10672 | Orc:1    | Entered Level 1 of the Orcish Mines
 10676 | Orc:1    | Reached *** piety under Vehumet
 10870 | Orc:1    | Offered knowledge of Sticky Flame by Vehumet.
 10874 | Orc:1    | Noticed a deep elf pyromancer
 10875 | Orc:1    | Noticed a deep elf zephyrmancer
 10882 | Orc:1    | Killed a deep elf pyromancer
 10902 | Orc:1    | Killed a deep elf zephyrmancer
 10903 | Orc:1    | Reached skill level 10 in Fighting
 11244 | Orc:2    | Entered Level 2 of the Orcish Mines
 11246 | Orc:2    | Noticed an orc warlord
 11416 | D:10     | Entered Level 10 of the Dungeon
 11424 | D:10     | Noticed a two-headed ogre
 11429 | D:10     | Killed a two-headed ogre
 11471 | D:10     | Reached **** piety under Vehumet
 11607 | D:10     | Offered knowledge of Yara's Violent Unravelling by Vehumet.
 11670 | D:10     | Found a staircase to the Lair.
 11688 | D:10     | Gained mutation: You are mostly covered in icy blue scales.
                  | (AC +3) [demonic ancestry]
 11688 | D:10     | Reached XP level 12. HP: 95/98 MP: 8/18
 11786 | D:10     | Noticed Amaemon
 11796 | D:10     | Killed Amaemon
 11884 | D:10     | Found Tedemes's Book Shop.
 12094 | D:10     | Noticed Urug
 12101 | D:10     | Killed Urug
 12322 | D:10     | Found a basalt altar of Yredelemnul.
 12455 | Lair:1   | Entered Level 1 of the Lair of Beasts
 12517 | Lair:1   | Reached skill level 11 in Fighting
 12626 | Lair:1   | Identified a scroll of acquirement
 12626 | Lair:1   | Acquired a book of Annihilations
 12758 | Lair:1   | Noticed a seven-headed hydra
 12764 | Lair:1   | Killed a seven-headed hydra
 12842 | Lair:1   | Noticed a death yak
 12901 | Lair:1   | Reached ***** piety under Vehumet
 12901 | Lair:1   | Offered knowledge of Leda's Unmaking by Vehumet.
 12904 | Lair:1   | Killed a death yak
 12970 | Lair:1   | Noticed a death yak
 12970 | Lair:1   | Noticed a death yak
 12971 | Lair:1   | Noticed a death yak
 12988 | Lair:2   | Noticed a seven-headed hydra
 13062 | Lair:2   | Noticed a seven-headed hydra
 13072 | Lair:1   | Killed a seven-headed hydra
 13075 | Lair:1   | Reached skill level 12 in Fighting
 13221 | Lair:2   | Found a gate leading to a gauntlet.
 13233 | Gauntlet | Entered a Gauntlet
 13233 | Gauntlet | Found a transporter.
 13237 | Gauntlet | Noticed a death scarab
 13260 | Gauntlet | Found a transporter.
 13273 | Gauntlet | Found a transporter.
 13278 | Gauntlet | Found a transporter.
 13293 | Gauntlet | Found a transporter.
 13312 | Gauntlet | Found a transporter.
 13324 | Gauntlet | Found a transporter.
 13336 | Gauntlet | Found a transporter.
 13338 | Gauntlet | Noticed a balrug
 13341 | Gauntlet | Noticed a hell hog
 13348 | Gauntlet | Found a transporter.
 13358 | Gauntlet | Found the ring of the Mage {Wiz Archmagi}
 13360 | Gauntlet | Found a transporter.
 13378 | Gauntlet | Found a transporter.
 13378 | Gauntlet | Found a transporter.
 13434 | Gauntlet | Found a transporter.
 13477 | Gauntlet | Learned a level 6 spell: Leda's Unmaking
 13477 | Gauntlet | Found a transporter.
 13478 | Gauntlet | Found a transporter.
 13489 | Gauntlet | Killed a death scarab
 13490 | Gauntlet | Reached skill level 1 in Earth Magic
 13544 | Gauntlet | Found a transporter.
 13549 | Gauntlet | Found a transporter.
 13779 | Gauntlet | Identified the staff of the Dull God {rElec Will+ Air}
 13779 | Gauntlet | Noticed a minotaur
 13787 | Gauntlet | Killed a minotaur
 13874 | Lair:2   | Noticed a five-headed hydra
 13896 | Lair:2   | Found a staircase to the Snake Pit.
 13945 | Lair:2   | Gained mutation: Your presence sometimes corrodes those you
                  | injure. [demonic ancestry]
 13945 | Lair:2   | Reached XP level 13. HP: 43/109 MP: 19/19
 14275 | Lair:2   | Noticed Harold
 14278 | Lair:2   | Killed Harold
 14315 | Lair:2   | Reached skill level 10 in Fire Magic
 14317 | Lair:2   | Reached skill level 13 in Fighting
 14468 | Lair:2   | Identified the +8 scimitar of Ruination {freeze, Int+5}
 14947 | Lair:3   | Offered knowledge of Spellforged Servitor by Vehumet.
 14972 | Lair:3   | Reached skill level 5 in Earth Magic
 15036 | Lair:3   | Found a staircase to the Shoals.
 15961 | Lair:4   | Gained mutation: When hurt, damage is shared between your
                  | health and your magic reserves. [demonic ancestry]
 15961 | Lair:4   | Reached XP level 14. HP: 119/119 MP: 1/20
 15998 | Lair:4   | Found a staircase to the Slime Pits.
 16401 | Lair:4   | Reached skill level 14 in Fighting
 17114 | Lair:5   | Entered Level 5 of the Lair of Beasts
 17629 | Lair:4   | Offered knowledge of Conjure Ball Lightning by Vehumet.
 17773 | Lair:5   | Identified the +2 leather armour of Indecent Exposure
                  | {Rampage Str+3 SInv Stlth+}
 18256 | Lair:5   | Got the Spellbook of Red Ill Luck
 18311 | Lair:5   | Reached skill level 15 in Fighting
 18675 | Lair:5   | Found a one-way gate to the infinite horrors of the Abyss.
 18676 | Lair:5   | Found a corrupted altar of Lugonu.
 19063 | Snake:1  | Entered Level 1 of the Snake Pit
 20531 | Snake:2  | Gained mutation: When low on magic, you restore magic in
                  | place of health. [demonic ancestry]
 20531 | Snake:2  | Reached XP level 15. HP: 121/130 MP: 8/21
 20660 | Snake:2  | Offered knowledge of Starburst by Vehumet.
 21415 | Shoals:1 | Entered Level 1 of the Shoals
 21558 | Shoals:1 | Reached skill level 5 in Spellcasting
 21583 | Shoals:1 | Reached skill level 16 in Fighting
 22267 | Shoals:2 | Noticed Ilsuiw
 22314 | Shoals:2 | Noticed Polyphemus
 22359 | Shoals:1 | Killed Polyphemus
 22513 | Shoals:1 | Reached ****** piety under Vehumet
 22513 | Shoals:1 | Offered knowledge of Orb of Destruction by Vehumet.
 22522 | Shoals:1 | Learned a level 7 spell: Orb of Destruction
 22596 | Shoals:2 | Noticed Aizul
 22606 | Shoals:2 | Killed Aizul
 22763 | Shoals:2 | Killed Ilsuiw
 22783 | Shoals:2 | Reached XP level 16. HP: 122/139 MP: 18/25
 23444 | Shoals:3 | Noticed Roxanne
 23459 | Shoals:3 | Killed Roxanne
 24091 | Shoals:4 | Entered Level 4 of the Shoals
 24313 | Shoals:4 | Noticed a kraken
 24531 | Shoals:4 | Identified the ring of Estengug {rF- rN+ Int-3 Dex+10
                  | Stlth+}
 24578 | Shoals:4 | Offered knowledge of Arcjolt by Vehumet.
 24900 | Shoals:4 | Killed a kraken
 25164 | Shoals:4 | Reached skill level 17 in Fighting
 25192 | Shoals:4 | Got a barnacled rune of Zot
 25740 | Orc:2    | Found a staircase to the Elven Halls.
 25953 | Orc:2    | Gained mutation: You are completely covered in icy blue
                  | scales. (AC +4, rC+) [demonic ancestry]
 25953 | Orc:2    | Reached XP level 17. HP: 147/147 MP: 28/28
 25965 | Orc:2    | Offered knowledge of Plasma Beam by Vehumet.
 26238 | Orc:1    | Found Uxunk's Weapon Boutique.
 26318 | Orc:2    | Found Tozoczeh's Book Boutique.
 26318 | Orc:2    | Found Edexaih's Antique Weapon Shop.
 26319 | Orc:2    | Found Doamob's Jewellery Shop.
 26331 | Orc:2    | Found Ythred's Jewellery Boutique.
 26540 | Elf:1    | Entered Level 1 of the Elven Halls
 26947 | Elf:1    | Found Aruywaynn's Book Shoppe.
 26997 | Elf:1    | Offered knowledge of Polar Vortex by Vehumet.
 26997 | Elf:1    | Offered knowledge of Maxwell's Capacitive Coupling by
                  | Vehumet.
 27381 | Elf:1    | Reached skill level 15 in Fire Magic
 27494 | Elf:1    | Learned a level 8 spell: Ignition
 27520 | Elf:2    | Noticed Nikola
 27579 | Elf:2    | Killed Nikola
 27673 | Elf:2    | Reached skill level 18 in Fighting
 27705 | Elf:2    | Found Woxaacuw's Armour Shop.
 28100 | Elf:3    | Entered Level 3 of the Elven Halls
 28205 | Elf:3    | Identified the staff of the Pariah {+Blink rC+ Will+ Str+3
                  | Stlth+ Ice}
 28208 | Elf:3    | Noticed a deep elf blademaster
 28210 | Elf:3    | Killed a deep elf blademaster
 28211 | Elf:3    | Reached XP level 18. HP: 70/158 MP: 31/31
 28311 | Elf:3    | Reached skill level 10 in Spellcasting
 28817 | Elf:3    | Identified the +0 bardiche of Kolumen {holy, rC+ rCorr
                  | Str+4 Int-4 Dex-5}
 28823 | Elf:3    | Identified the ring "Atin" {Ice rPois rCorr Stlth+}
 28978 | Elf:3    | Identified the staff of Qazlal's Displeasure {rC+ Will+
                  | Str+3 Ice}
 29409 | Elf:3    | Identified the +8 plate armour "Olulynuq" {Int+3 Dex+3}
 29879 | Snake:3  | Reached skill level 19 in Fighting
 30787 | Snake:4  | Entered Level 4 of the Snake Pit
 31186 | Snake:4  | Reached XP level 19. HP: 142/167 MP: 5/34
 31269 | Snake:4  | Noticed Donald
 31273 | Snake:4  | Killed Donald
 31885 | Snake:4  | Got a serpentine rune of Zot
 32149 | Snake:4  | Reached skill level 5 in Shields
 32739 | D:11     | Noticed Lodul
 32743 | D:11     | Killed Lodul
 32766 | D:11     | Reached skill level 20 in Fighting
 34424 | D:12     | Noticed Kirke
 34433 | D:12     | Killed Kirke
 35472 | D:13     | Noticed Maurice
 35474 | D:13     | Killed Maurice
 36032 | D:14     | Found Sitoemut's Armour Shop.
 36052 | D:14     | Found a gate to the Vaults.
 36148 | D:14     | Found Uliqekka's Book Boutique.
 36231 | D:14     | Noticed Rupert
 36368 | D:14     | Killed Rupert
 37887 | D:15     | Entered Level 15 of the Dungeon
 37897 | D:15     | Gained mutation: Your touch may inflict irresistible damage
                  | on your foes. [demonic ancestry]
 37897 | D:15     | Reached XP level 20. HP: 176/176 MP: 29/36
 38017 | D:15     | Reached skill level 10 in Shields
 38225 | D:15     | Found a staircase to the Depths.
 39378 | Vaults:1 | Entered Level 1 of the Vaults
 40043 | Vaults:1 | Reached skill level 10 in Earth Magic
 40400 | Vaults:1 | Found a runed translucent gate.
 40400 | Vaults:1 | Found a runed translucent gate.
 40401 | Vaults:1 | Noticed Mandevil's ghost (adept OgFi)
 40402 | Vaults:1 | Found a runed translucent gate.
 40402 | Vaults:1 | Found an ancient bone altar of Kikubaaqudgha.
 40402 | Vaults:1 | Noticed an ancient lich
 40402 | Vaults:1 | Noticed an ancient lich
 40427 | Vaults:1 | Found Wugg's Armour Emporium.
 40829 | Vaults:2 | Found Boguoby's Magic Scroll Emporium.
 40844 | Vaults:2 | Found a magical portal.
 40853 | WizLab   | Entered Tukima's Studio
 41097 | WizLab   | Identified the scarf of Qeloaxoy {rC+ rF+, Rampage *Slow
                  | rN+}
 41105 | WizLab   | Got the Incunable of Curses
 42837 | Vaults:3 | Gained mutation: Your touch may irresistibly damage your
                  | foes and sap their willpower. [demonic ancestry]
 42837 | Vaults:3 | Reached XP level 21. HP: 162/183 MP: 33/37
 42945 | Vaults:3 | Found a staircase to the Crypt.
 43939 | Vaults:4 | Noticed Norris
 44049 | Vaults:4 | Reached skill level 15 in Earth Magic
 44455 | Vaults:4 | Killed Norris
 45142 | Vaults:5 | Entered Level 5 of the Vaults
 45156 | Vaults:5 | Noticed an ancient lich
 45214 | Vaults:5 | Killed from afar by an ancient lich

Illustrated notes

Levels and vault maps discovered:
D:1:      dpeg_arrival_another_circle, layout_basic
D:2:      layout_basic
D:3:      layout_loops_cross, serial_undead, serial_undead_b, serial_undead_c,
          serial_undead_d, serial_undead_f, nicolae_ecumenical_snake_handling,
          uniq_jessica
D:4:      layout_basic, mainiacjoe_overflow_brackets, serial_shops, shop,
          kennysheep_flooded_box, corexii_shack, nicolae_nh_oracle_at_delphi
D:5:      minmay_goblin_kobold_castle, layout_basic, gup_sewer_entry_spiral,
          minmay_manual_mess
D:6:      kennysheep_kobold_camp, layout_loops_cross,
          minmay_temple_entry_nine_rooms, uniq_edmund, uniq_prince_ribbit1,
          uniq_menkaure
D:7:      minmay_opposing_rooms, layout_rooms, mainiacjoe_overflow_catwalk
D:8:      minmay_distorted_concentric_squares, layout_layer_cave,
          bloody_makhleb, minmay_shop_damaged
D:9:      layout_irregular_city, zombieorc1_lemuel, chequers_decorated_corner,
          kennysheep_generic_room_3
D:10:     layout_basic, marbit_many_paths, erik_lair_orcish_takeover,
          nicolae_stop_n_shop_1, grunt_ministairs_11, uniq_amaemon, uniq_urug
D:11:     layout_roguey, serial_aquarium, aquarium_bridge_square
          [aquarium_subvault_wall, aquarium_subvault_bridge,
          aquarium_subvault_wall, aquarium_subvault_bridge], aquarium_window_2,
          aquarium_window_corner, aquarium_view_2e, aquarium_view_4,
          aquarium_pool_2, special_room [special_room_kobold], uniq_lodul
D:12:     layout_roguey, serial_bayou_ford_a, hangedman_parallel_progression,
          uniq_kirke
D:13:     minmay_s_stair_smasher, layout_basic, serial_aquarium,
          aquarium_bridge_straight [aquarium_subvault_bridge,
          aquarium_subvault_balcony, aquarium_subvault_bridge,
          aquarium_subvault_window], aquarium_window_double,
          aquarium_window_double, aquarium_window_1, aquarium_view_2b,
          aquarium_pool_1, uniq_maurice
D:14:     nzn_winding_woodlands_three_and_one [nzn_winding_woodlands_5x15_pool,
          nzn_winding_woodlands_5x15_twine,
          nzn_winding_woodlands_5x15_longhouse,
          nzn_winding_woodlands_center_pierced_h], layout_loops_ring,
          david_vaults_1, serial_shops, nicolae_shop_advertising_works
          [nicolae_subvault_shop_adworks], nicolae_stop_n_shop_2,
          minmay_strange_pillars, grunt_ministairs_15, uniq_rupert
D:15:     hangedman_depths_entry_civil_slaughter, layout_layer_cave,
          roderic_serpentine_path, minmay_misc_feat_secret_circle
Temple:   nicolae_temple_no_exploring_needed
Lair:1:   layout_cave_shapes, lemuel_old_faithful
Lair:2:   layout_loops_ring, guppyfry_snake_entry_island,
          gauntlet_entry_generic, patterned_corridor, serial_bayou_shore_b,
          lemuel_fruit_tree, uniq_harold
Lair:3:   wander_river, layout_loops_ring, nicolae_shoals_entry_roost,
          st_stairs_10, roderic_batcave, minmay_hedge_maze
Lair:4:   layout_cave_pods, slime_entry_1, serial_forest,
          infiniplex_forest_straight_2, infiniplex_forest_clump_small,
          infiniplex_forest_straight_2, infiniplex_forest_lined_2,
          infiniplex_forest_split, infiniplex_forest_lined_2,
          infiniplex_forest_straight_3, chequers_serial_rivers_micro_b,
          nicolae_quartered_pool_little
Lair:5:   hellmonk_lair_end_abyssal_woods, layout_hall_layers,
          nicolae_lair_run_with_the_wolves, grunt_megastairs_5
Shoals:1: layout_shoals, hangedman_shoals_cup_caves
Shoals:2: layout_shoals, uniq_polyphemus, uniq_ilsuiw, uniq_aizul
Shoals:3: layout_shoals, uniq_roxanne
Shoals:4: shoals_end_simple, layout_shoals, shoals_ilsuiw_ice
Snake:1:  layout_onion_interference, drop_trap
Snake:2:  layout_misc_corridors
Snake:3:  layout_concentric_octagons, serial_bayou_pond_b
Snake:4:  johnstein_snake_rune_scales, layout_cave_town, guppyfry_library_mini,
          grunt_megastairs_2, uniq_donald
Orc:1:    layout_diamond_mine, serial_shops, nicolae_shop_behind_doors,
          hangedman_minor_magic
Orc:2:    st_orc_mages, layout_caves
Elf:1:    minmay_elf_arrival_circle, layout_loops_cross, serial_shops,
          shop_fountains, evilmike_minifort, corner_web_ring
Elf:2:    nicolae_elf_blades_splatter_lattice
          [nicolae_blade_entry_hurt_lockers], layout_rooms, serial_shops, shop,
          hangedman_glass_teeth, minmay_crystal_room, uniq_nikola, uniq_jorgrun,
          uniq_saint_roka
Elf:3:    grunt_elf_hall_diamonds, layout_loops_corners, st_stairs_12,
          nicolae_elf_stair_hall, kilobyte_rumbling_trees
Vaults:1: gammafunk_ghost_crypt, v_misc_30, nicolae_vaults_storage_room_doors,
          vaults_standard_mumra_enter_the_diamond, v_misc_8,
          nicolae_vaults_closet_pinwheel_5, v_misc_3, v_misc_3,
          nicolae_vaults_little_squares_4, nicolae_vaults_storage_closets_3,
          ontoclasm_vaults_ring_large, ontoclasm_vaults_ring_small,
          nicolae_vaults_security_offices_1, ontoclasm_vaults_hangar,
          layout_vaults_omnibox, serial_shops, shop
Vaults:2: mu_enter_wizlab_5, nicolae_vaults_network_square,
          hangedman_vaults_snaps, ontoclasm_vaults_pinch, grunt_vaults_funnel,
          ontoclasm_vaults_ring_small, nicolae_vaults_closet_pinwheel_2,
          v_misc_23, nicolae_vaults_more_shelving_2, v_misc_10,
          nicolae_vaults_little_squares_5, nicolae_vaults_tetromino_T_1,
          layout_vaults_big_cross, serial_shops, shop
Vaults:3: nicolae_vaults_ellipses_ellipsis,
          nicolae_vaults_antechamber_and_loot_room, vaults_room_corners,
          hangedman_vaults_nodes, v_alt_pattern_2, vaults_room_grid,
          layout_vaults_quadrants, dummy_crypt_entry
Vaults:4: nicolae_vaults_diagonal_hallway_8, v_misc_9, hangedman_vaults_pinch,
          vaults_room_fancy_cross, nicolae_vaults_trapezoid_2,
          hangedman_vaults_corner, nicolae_vaults_surprise_closet,
          nicolae_vaults_closet_pinwheel_1, nicolae_vaults_six-pack,
          nicolae_vaults_enemy_cabinets, nicolae_vaults_shelves_hall,
          layout_vaults_chaotic_city, uniq_norris
Vaults:5: serial_shops

Skill      XL: |  1  2  3  4  5  6  7  8  9 10 11 12 13 14 15 16 17 18 19 20 21 |
---------------+----------------------------------------------------------------+-----
Fighting       | 1 2 3 4 5 6 7 8 10 12 13 15 16 17 18 19 20 | 20.0
Spellcasting   | 3 4 6 7 9 11 12 | 12.0
Conjurations   | 5 6 8 9 11 12 13 | 13.0
Shields        | 2 3 4 9 12 | 12.0
Armour         | 2 3 5 6 8 |  8.0
Dodging        | 3 4 5 6 7 8 |  8.0
Fire Magic     | 2 4 6 9 11 13 14 15 16 18 | 18.0
Earth Magic    | 2 6 7 9 12 16 | 16.8
Stealth        | |  1.7

Action                     |  1- 3 |  4- 6 |  7- 9 | 10-12 | 13-15 | 16-18 | 19-21 || total
---------------------------+-------+-------+-------+-------+-------+-------+-------++-------
  Melee: Unarmed           |    36 |       |       |       |       |       |       ||    36
         Dagger            |       |     6 |    11 |       |       |       |       ||    17
         Spear             |       |       |    14 |   219 |   197 |     6 |    14 ||   450
   Cast: Magic Dart        |    86 |   126 |   261 |   146 |       |       |       ||   619
         Searing Ray       |       |     5 |    44 |    58 |    21 |     5 |     5 ||   138
         Fireball          |       |       |       |   147 |   450 |   576 |   695 ||  1868
         Leda's Unmaking   |       |       |       |     2 |    29 |   123 |   151 ||   305
         Blink             |       |       |       |       |     1 |     2 |       ||     3
         Orb of Destructio |       |       |       |       |     5 |     5 |    30 ||    40
         Ignition          |       |       |       |       |       |    11 |    61 ||    72
  Evoke: Wand              |       |       |       |       |     3 |       |       ||     3
    Use: Potion            |     1 |       |       |     5 |     2 |     1 |     5 ||    14
         Scroll            |       |       |     5 |    23 |     6 |     3 |     4 ||    41
   Stab: Sleeping          |       |       |       |     2 |       |       |       ||     2
 Armour: Robe              |    34 |    19 |    58 |       |       |       |       ||   111
         Leather armour    |       |       |    12 |    89 |       |       |       ||   101
         Troll leather arm |       |       |       |   386 |   495 |   210 |   194 ||  1285
  Dodge: Dodged            |    31 |    23 |    40 |   429 |   431 |   109 |   100 ||  1163
  Block: Buckler           |       |     7 |    21 |   128 |   145 |    47 |    25 ||   373
         Kite shield       |       |       |       |       |       |       |    58 ||    58
         Reflection        |       |       |       |       |       |       |    18 ||    18

Table legend: (Time is in decaauts)
 A = Elapsed time spent in this place.
 B = Non-inter-level travel time spent in this place.
 C = Inter-level travel time spent in this place.
 D = Time resting spent in this place.
 E = Time spent auto-exploring this place.
 F = Levels seen in this place.
 G = Mean time per level.
                   A        B        C        D        E       F      G
               +--------+--------+--------+--------+--------+-----+--------+
         Total |  46110 |  42414 |   3696 |    896 |  33434 |  42 | 1097.9 |
       Dungeon |  17865 |  16705 |   1160 |     46 |  13881 |  15 | 1191.0 |
        Temple |     14 |      2 |     12 |      0 |      0 |   1 |   14.0 |
          Lair |   6804 |   5978 |    826 |    272 |   4350 |   5 | 1360.8 |
        Shoals |   4198 |   3894 |    304 |    235 |   2773 |   4 | 1049.5 |
     Snake Pit |   5339 |   4753 |    586 |     62 |   3855 |   4 | 1334.8 |
  Orcish Mines |   1541 |   1330 |    211 |      0 |   1002 |   2 |  770.5 |
   Elven Halls |   3262 |   3012 |    250 |    105 |   2381 |   3 | 1087.3 |
        Vaults |   5489 |   5145 |    344 |     69 |   4301 |   5 | 1097.8 |
         Sewer |    562 |    562 |      0 |      0 |    435 |   1 |  562.0 |
        Wizlab |    351 |    351 |      0 |      0 |    193 |   1 |  351.0 |
      Gauntlet |    682 |    682 |      0 |    107 |    261 |   1 |  682.0 |
               +--------+--------+--------+--------+--------+-----+--------+

Top non-repeatable levels by time:
  Lair:4: 1889 daAuts
     D:8: 1883 daAuts
 Snake:1: 1785 daAuts
 Snake:4: 1737 daAuts
     D:5: 1642 daAuts
Vaults:4: 1521 daAuts
   Elf:3: 1506 daAuts
    D:14: 1477 daAuts
     D:6: 1450 daAuts
     D:9: 1434 daAuts
    D:15: 1400 daAuts
Vaults:1: 1381 daAuts
Vaults:2: 1335 daAuts
  Lair:5: 1322 daAuts
  Lair:3: 1243 daAuts
